Map: Ice and Chrome LE

Players

SouLeer

  • Race: Zerg Zerg
  • League: Master
  • Spawn Location: 7:00

SKillous - Winner!

  • Race: Protoss Protoss
  • League: Grandmaster
  • Spawn Location: 1:00

Event: DreamHack SC2 Masters 2020 Fall

VOD

Have the link to the VOD?

Description

Time

  • Played on: Aug. 30, 2020, 11:26 a.m.
  • Length: 23:49

All games in this series

Show
View Real Time Build Order
Export as new Build Order

SouLeer Zerg 

Build Orders: Hatch First 

Get SALT Encoding   

  12  0:00  Drone  
  13  0:12  Overlord  
  13  0:17  Drone  
  14  0:31  Drone x2  
  16  0:48  Hatchery  
  15  0:51  Drone  
  15  0:54  Drone  
  17  0:58  Drone  
  18  1:08  Extractor  
  17  1:13  Spawning Pool  
  17  1:16  Drone  
  17  1:20  Drone  
  18  1:29  Drone  
  19  1:39  Drone  
  20  1:52  Overlord  
  20  2:00  Queen x2  
  20  2:01  Zergling x4  
  26  2:11  Drone x2  
  28  2:22  Drone x2  
  30  2:27  Metabolic Boost  
  30  2:35  Hatchery  
  30  2:36  Drone  
  30  2:40  Drone  
  31  2:48  Overlord  
  31  2:50  Queen  
  33  2:52  Drone  
  33  2:56  Drone  
  35  2:59  Drone  
  36  3:07  Drone x2  
  36  3:11  Drone  
  36  3:12  Drone  
  40  3:13  Drone  
  40  3:17  Overlord  
  41  3:22  Drone  
  42  3:28  Spore Crawler  
  42  3:29  Drone  
  42  3:30  Drone  
  43  3:35  Queen  
  43  3:38  Drone  
  46  3:43  Drone x2  
  46  3:44  Drone x2  
  46  3:48  Drone x2, Evolution Chamber  
  52  3:49  Queen  
  52  3:54  Overlord  
  53  3:59  Drone x2  
  53  4:02  Drone, Spore Crawler  
  55  4:03  Drone x2  
  55  4:07  Zergling x2  
  58  4:12  Overlord x2  
  58  4:17  Zerg Melee Weapons Level 1  
  58  4:19  Zergling x6  
  58  4:21  Zergling x2  
  58  4:22  Zergling x2  
  58  4:24  Spore Crawler  
  62  4:25  Zergling x2  
  62  4:28  Queen  
  65  4:34  Zergling x6  
  65  4:36  Lair  
  68  4:39  Extractor  
  68  4:41  Extractor  
  68  4:42  Drone x2  
  68  4:44  Drone x2  
  68  4:46  Drone x2  
  68  4:48  Drone  
  68  4:49  Drone  
  68  4:50  Drone  
  73  4:53  Drone  
  73  4:57  Drone x2, Baneling Nest  
  74  5:02  Drone  
  74  5:03  Drone  
  74  5:05  Overlord  
  76  5:07  Drone  
  76  5:11  Drone x2  
  77  5:17  Overlord  
  77  5:19  Overlord  
  76  5:25  Drone x4  
  76  5:27  Drone, Roach Warren  
  76  5:28  Drone  
  80  5:32  Drone x2  
  82  5:37  Drone x3  
  82  5:38  Extractor  
  82  5:39  Drone x2  
  81  5:50  Drone x3  
  81  5:52  Overlord  
  81  5:54  Extractor  
  81  5:55  Extractor  
  81  5:56  Drone, Centrifical Hooks  
  81  6:00  Zergling x6  
  84  6:05  Hatchery  
  83  6:12  Drone x3, Glial Reconstitution  
  83  6:15  Roach  
  88  6:20  Overseer  
  88  6:23  Hatchery  
  88  6:25  Roach x5  
  97  6:28  Overlord  
  97  6:30  Pneumatized Carapace  
  97  6:36  Roach x4  
  97  6:38  Overlord  
  105  6:40  Overseer  
  105  6:42  Overlord  
  105  6:44  Overlord  
  105  6:50  Roach x3  
  105  6:51  Zergling x4  
  105  6:53  Zerg Melee Weapons Level 2  
  113  6:55  Overlord  
  113  6:58  Overlord  
  113  7:06  Zergling x12  
  113  7:07  Zergling x4  
  119  7:12  Zergling x4  
  119  7:13  Zergling x2  
  119  7:15  Queen  
  122  7:18  Zergling x8  
  126  7:28  Ravager x3  
  129  7:31  Baneling  
  129  7:34  Zergling x8  
  133  7:39  Zergling x8  
  133  7:41  Baneling x21  
  133  7:42  Ravager  
  133  7:43  Ravager  
  139  7:45  Zergling x2  
  139  7:47  Baneling x4  
  139  7:49  Baneling x3  
  139  7:50  Baneling  
  140  7:54  Zergling x8  
  145  7:58  Zergling x2, Spore Crawler  
  145  7:59  Zergling x2  
  145  8:01  Drone x2  
  147  8:11  Zergling x8  
  151  8:13  Overlord x3  
  151  8:18  Drone x4  
  151  8:19  Drone  
  151  8:20  Drone  
  151  8:25  Overlord  
  147  8:31  Zergling x2  
  147  8:32  Zergling x10  
  150  8:35  Zergling x4  
  150  8:40  Zergling x2  
  150  8:41  Zergling x6  
  154  8:45  Zergling x8  
  154  8:47  Ravager x3  
  154  8:48  Ravager  
  162  8:50  Zergling x4  
  162  8:52  Ravager x4  
  168  9:00  Zergling x14  
  172  9:04  Drone x4  
  175  9:12  Drone x2, Spire  
  176  9:18  Overlord  
  176  9:19  Overlord x2  
  176  9:26  Baneling x11  
  176  9:28  Hatchery  
  175  9:33  Overlord  
  175  9:39  Baneling  
  175  9:40  Baneling x12  
  174  9:45  Zergling x2  
  174  9:46  Zergling x18  
  174  9:49  Zerg Missile Weapons Level 1  
  174  9:50  Drone x2  
  186  9:53  Zergling x6  
  186  9:55  Zergling x2  
  186  9:56  Zergling x4  
  186  9:59  Zergling x6  
  195  10:01  Zergling x6  
  195  10:03  Zergling x4  
  194  10:07  Zergling x6  
  194  10:08  Zergling x2  
  194  10:12  Zergling x4  
  197  10:15  Zergling x6  
  197  10:19  Zergling x6  
  199  10:22  Zergling x2  
  199  10:23  Zergling x2  
  199  10:24  Overlord  
  199  10:25  Overlord  
  187  10:35  Zergling x8  
  174  10:36  Zergling x6  
  174  10:38  Baneling x9  
  174  10:39  Zergling x4  
  174  10:42  Zergling x10  
  184  10:51  Zergling x8  
  184  10:52  Zergling x10  
  193  10:57  Zergling x2  
  193  10:58  Baneling x5  
  193  10:59  Baneling x9  
  193  11:00  Zergling x2  
  193  11:01  Baneling  
  193  11:03  Infestation Pit  
  194  11:06  Zergling x2  
  194  11:07  Zergling x8  
  199  11:14  Zergling x2  
  199  11:15  Zergling x2  
  198  11:21  Zergling x2  
  198  11:23  Baneling x9  
  198  11:24  Baneling x12  
  199  11:27  Baneling x5  
  199  11:36  Zergling x2  
  199  11:37  Overseer  
  198  11:42  Zergling x2  
  198  11:46  Hive  
  199  11:51  Zergling x16  
  190  11:59  Zergling x20  
  190  12:06  Overlord x4  
  186  12:12  Zergling x2  
  186  12:13  Zergling x6  
  190  12:18  Baneling  
  190  12:19  Baneling x16  
  190  12:22  Zergling x10  
  190  12:28  Zergling x14  
  193  12:33  Queen  
  193  12:35  Baneling x14  
  193  12:36  Baneling x2  
  193  12:37  Baneling x2  
  187  12:41  Drone x2  
  187  12:42  Drone  
  187  12:43  Zergling x4  
  186  12:44  Hatchery  
  186  12:46  Baneling x2  
  186  12:47  Zergling x2, Baneling  
  186  12:48  Zergling x4  
  187  12:53  Zergling x2  
  187  12:54  Zergling x8  
  192  12:59  Zergling x2  
  192  13:00  Zergling x10  
  192  13:04  Zergling x4  
  199  13:11  Adrenal Glands, Greater Spire  
  199  13:13  Zerg Melee Weapons Level 3  
  199  13:19  Baneling x5  
  198  13:20  Baneling x3  
  198  13:23  Baneling x8  
  198  13:24  Baneling  
  198  13:31  Zergling x8  
  194  13:38  Zergling x18  
  178  13:44  Zergling x8  
  178  13:45  Zergling x2  
  178  13:47  Zergling x4  
  176  13:50  Roach x2  
  177  13:57  Baneling  
  177  14:00  Roach x5  
  184  14:09  Roach x2  
  188  14:10  Baneling  
  188  14:11  Baneling x15  
  188  14:14  Baneling x4  
  188  14:18  Drone x3  
  188  14:19  Drone  
  196  14:24  Roach x3  
  187  14:34  Corruptor x3  
  187  14:37  Corruptor  
  194  14:40  Drone x5, Extractor  
  194  14:43  Corruptor  
  187  15:03  Corruptor x3  
  187  15:06  Zergling x18  
  187  15:07  Zergling x12  
  166  15:10  Corruptor  
  159  15:14  Drone  
  159  15:15  Drone x4  
  159  15:17  Extractor  
  159  15:19  Drone x3  
  166  15:21  Corruptor  
  166  15:25  Zerg Flyer Weapons Level 1  
  166  15:27  Corruptor  
  170  15:34  Corruptor  
  172  15:42  Corruptor x2  
  174  15:44  Hatchery  
  174  15:46  Extractor  
  174  15:47  Extractor, Corruptor  
  170  15:55  Corruptor x2  
  173  16:05  Corruptor x2  
  173  16:08  Drone x3  
  177  16:13  Corruptor x2  
  177  16:17  Zergling x2  
  177  16:18  Zergling x8  
  186  16:23  Corruptor  
  186  16:25  Zergling x6  
  191  16:29  Baneling x8  
  191  16:34  Zergling x2  
  191  16:35  Zergling x8  
  191  16:38  Ravager x3  
  189  16:58  Zergling x12  
  189  16:59  Zergling x12  
  186  17:03  Ravager  
  186  17:04  Ravager x4  
  186  17:05  Baneling x10  
  186  17:06  Overseer  
  191  17:09  Zergling x12  
  191  17:14  Corruptor x2  
  199  17:19  Drone  
  200  17:34  Spine Crawler x2  
  200  17:35  Spine Crawler, Spore Crawler  
  200  17:36  Drone x2, Spore Crawler  
  197  17:37  Spine Crawler  
  197  17:40  Pathogen Glands  
  197  17:42  Spine Crawler  
  193  17:54  Corruptor x3  
  193  17:57  Baneling x11  
  197  18:15  Zergling x4  
  197  18:19  Hatchery  
  183  18:36  Corruptor x5  
  183  18:37  Neural Parasite  
  189  18:45  Zergling x22  
  199  18:53  Ravager x3  
  199  19:02  Corruptor  
  198  19:05  Corruptor  
  198  19:13  Viper  
  198  19:16  Baneling  
  198  19:17  Baneling x20  
  199  19:20  Zergling x2  
  199  19:25  Overseer x2  
  198  19:41  Extractor  
  198  19:42  Extractor  
  198  19:45  Zergling x8  
  200  19:51  Hatchery  
  198  19:52  Spore Crawler  
  198  19:53  Zergling x8, Spore Crawler x2  
  198  19:54  Spore Crawler  
  198  19:57  Hatchery  
  197  20:07  Corruptor x2  
  193  20:15  Zergling x12  
  189  20:28  Corruptor  
  189  20:30  Viper x3  
  191  20:47  Extractor  
  191  20:49  Extractor  
  186  20:50  Zergling x2  
  186  20:51  Zergling x8  
  186  20:56  Corruptor  
  193  21:04  Baneling x4  
  193  21:12  Corruptor  
  193  21:13  Overseer  
  193  21:14  Corruptor x2  
  193  21:16  Zerg Flyer Weapons Level 2  
  199  21:23  Hatchery  
  198  21:34  Zergling x2  
  194  21:47  Zergling x8  
  194  21:48  Zergling x2  
  149  22:12  Corruptor x6  
  149  22:13  Corruptor x6  
  149  22:14  Zergling x2  
  149  22:15  Zergling x34  
  173  22:16  Overlord x2  
  173  22:17  Overlord  
  171  22:24  Overlord x2  
  171  22:28  Overlord  
  171  22:36  Corruptor x2  
  175  22:43  Baneling x6  
  175  22:44  Baneling x2  
  171  22:55  Zergling x2  
  171  22:56  Zergling x12  
  164  23:17  Corruptor x3  
  170  23:24  Zergling x10  
Show
View Real Time Build Order
Export as new Build Order

SKillous Protoss - Winner!

Build Orders: 1 Gate Expand, Oracle Opening, Carriers, Zealot Archon 

Get SALT Encoding   

  12  0:00  Probe  
  13  0:12  Probe  
  14  0:20  Pylon  
  14  0:24  Probe  
  15  0:38  Probe (Chrono Boost)  
  15  0:40  Gateway  
  16  0:43  Assimilator  
  16  0:49  Probe (Chrono Boost)  
  17  0:54  Probe (Chrono Boost)  
  18  1:04  Probe  
  19  1:16  Probe  
  20  1:25  Nexus  
  20  1:35  Cybernetics Core  
  20  1:37  Probe  
  21  1:43  Assimilator  
  21  1:49  Probe  
  21  1:53  Pylon  
  22  2:02  Probe  
  23  2:08  Adept (Chrono Boost)  
  23  2:12  Warp Gate  
  23  2:14  Probe  
  26  2:24  Stargate  
  26  2:26  Probe (Chrono Boost)  
  27  2:30  Stalker (Chrono Boost)  
  27  2:36  Probe (Chrono Boost)  
  31  2:46  Probe x2 (Chrono Boost)  
  31  2:51  Probe (Chrono Boost)  
  32  2:53  Probe  
  34  3:03  Probe  
  34  3:05  Oracle (Chrono Boost), Probe  
  36  3:07  Gateway  
  39  3:15  Probe  
  39  3:17  Probe  
  39  3:19  Pylon  
  41  3:21  Adept  
  43  3:27  Probe  
  43  3:29  Probe  
  43  3:33  Pylon  
  45  3:34  Oracle (Chrono Boost)  
  45  3:39  Probe  
  49  3:41  Probe  
  50  3:50  Assimilator  
  50  3:51  Probe  
  50  3:53  Probe  
  52  3:57  Pylon  
  52  4:02  Adept x2  
  56  4:03  Probe  
  56  4:05  Probe  
  56  4:06  Pylon  
  56  4:08  Assimilator  
  58  4:10  Oracle (Chrono Boost)  
  58  4:15  Probe  
  62  4:18  Probe  
  63  4:31  Nexus, Pylon  
  63  4:34  Probe x2  
  65  4:45  Robotics Facility  
  65  4:46  Probe x2  
  65  4:52  Forge  
  67  4:54  Sentry  
  67  4:55  Sentry  
  67  4:58  Shield Battery, Probe x2  
  73  5:10  Probe  
  73  5:12  Probe  
  75  5:14  Protoss Ground Weapons Level 1 (Chrono Boost)  
  75  5:22  Probe  
  75  5:23  Twilight Council  
  75  5:25  Probe  
  77  5:33  Pylon  
  77  5:34  Observer (Chrono Boost), Probe  
  79  5:35  Sentry  
  79  5:36  Sentry  
  79  5:37  Probe  
  84  5:45  Probe  
  84  5:46  Probe  
  84  5:49  Immortal, Probe  
  85  5:57  Probe  
  85  5:58  Probe  
  85  6:00  Sentry x2  
  85  6:01  Gateway, Probe  
  85  6:02  Gateway  
  92  6:04  Gateway  
  92  6:05  Charge (Chrono Boost)  
  92  6:09  Probe  
  92  6:10  Probe  
  94  6:13  Probe  
  94  6:14  Gateway  
  94  6:15  Gateway  
  94  6:16  Gateway  
  95  6:21  Assimilator  
  95  6:22  Probe x2  
  95  6:24  Assimilator  
  95  6:25  Phoenix, Probe  
  98  6:28  Pylon  
  103  6:43  Templar Archives  
  103  6:45  Photon Cannon  
  103  6:46  Warp Prism (Chrono Boost)  
  100  6:52  Zealot x2  
  106  6:58  Photon Cannon  
  106  7:05  Protoss Ground Weapons Level 2 (Chrono Boost)  
  106  7:15  Immortal  
  110  7:17  Pylon  
  110  7:21  High Templar x2  
  114  7:25  Pylon  
  114  7:26  Archon  
  114  7:27  Shield Battery, Pylon  
  114  7:30  Shield Battery  
  114  7:34  High Templar  
  114  7:36  High Templar  
  118  7:37  Zealot x3  
  118  7:41  Archon  
  118  7:42  Pylon  
  118  7:43  Blink, Pylon  
  124  7:46  Probe  
  124  7:47  Probe  
  126  7:52  Pylon  
  126  7:56  Photon Cannon  
  126  7:57  Probe  
  126  7:58  Photon Cannon  
  127  7:59  Pylon  
  127  8:04  Zealot x6, Nexus  
  139  8:06  Pylon  
  139  8:07  Probe  
  139  8:10  Probe  
  139  8:11  Probe  
  142  8:13  Immortal  
  142  8:16  Stalker  
  142  8:19  Psionic Storm  
  147  8:21  Stalker  
  147  8:22  Probe (Chrono Boost)  
  147  8:26  Probe (Chrono Boost)  
  136  8:29  Probe (Chrono Boost)  
  129  8:35  Probe (Chrono Boost)  
  129  8:36  Probe (Chrono Boost)  
  129  8:38  Probe (Chrono Boost)  
  129  8:40  Probe (Chrono Boost)  
  127  8:43  Probe  
  127  8:45  Photon Cannon  
  127  8:47  Photon Cannon  
  127  8:48  Probe  
  130  8:50  High Templar x4, Shield Battery  
  130  8:52  Probe  
  130  8:53  Observer  
  139  9:00  Zealot x4  
  142  9:03  Pylon  
  140  9:14  Nexus  
  140  9:16  Pylon  
  140  9:19  Protoss Ground Weapons Level 3 (Chrono Boost)  
  140  9:20  High Templar x2  
  140  9:24  Pylon  
  144  9:26  Zealot x6  
  156  9:38  Probe  
  156  9:39  Probe  
  156  9:40  Shield Battery  
  156  9:44  Photon Cannon  
  158  9:47  Probe  
  158  9:52  Probe  
  160  9:56  Probe  
  160  9:59  High Templar  
  163  10:00  High Templar x3  
  163  10:03  Archon  
  163  10:04  Assimilator  
  159  10:08  Assimilator  
  159  10:09  Archon  
  159  10:12  Pylon  
  159  10:13  Zealot  
  159  10:14  Zealot x2  
  157  10:15  Zealot  
  159  10:25  Probe  
  146  10:29  Archon  
  142  10:40  Observer  
  142  10:42  Fleet Beacon  
  140  10:45  Stargate  
  140  10:47  Stargate, Probe x2  
  140  10:48  High Templar x2  
  144  10:50  Zealot x6  
  154  11:13  High Templar  
  154  11:14  High Templar  
  154  11:15  High Templar x2  
  154  11:17  Archon  
  162  11:22  Zealot x4  
  170  11:26  Nexus  
  170  11:28  Pylon  
  170  11:29  Gateway  
  170  11:30  Archon  
  170  11:31  Mothership (Chrono Boost), Pylon  
  176  11:43  Zealot  
  176  11:44  Zealot x3  
  182  11:55  Protoss Air Weapons Level 1  
  182  11:57  Probe  
  182  11:58  Probe  
  182  12:01  Nexus  
  168  12:05  Pylon  
  168  12:07  Photon Cannon  
  168  12:10  Photon Cannon x2  
  168  12:11  Protoss Shields Level 1 (Chrono Boost)  
  168  12:13  Pylon  
  168  12:14  Zealot x3  
  168  12:15  Zealot  
  176  12:17  Zealot  
  176  12:19  Probe  
  176  12:20  Probe  
  172  12:32  Probe x2  
  172  12:34  Nexus  
  172  12:36  High Templar x3  
  172  12:37  High Templar x2, Pylon  
  178  12:39  Pylon  
  172  12:48  High Templar x2  
  168  12:57  Carrier (Chrono Boost)  
  168  13:04  Photon Cannon  
  172  13:07  Photon Cannon  
  172  13:10  Shield Battery, Photon Cannon  
  174  13:12  Probe (Chrono Boost)  
  174  13:13  Probe (Chrono Boost)  
  174  13:17  Probe (Chrono Boost)  
  174  13:18  Probe (Chrono Boost)  
  174  13:22  Probe (Chrono Boost)  
  174  13:23  Probe (Chrono Boost)  
  174  13:25  Probe (Chrono Boost)  
  174  13:27  Zealot x2, Archon x2  
  173  13:39  Zealot x5  
  164  13:42  Zealot  
  164  13:43  Carrier (Chrono Boost)  
  160  13:49  Zealot x4  
  167  14:01  Carrier (Chrono Boost)  
  167  14:02  Probe  
  173  14:04  Probe  
  173  14:06  Protoss Air Weapons Level 2 (Chrono Boost)  
  173  14:09  Probe  
  176  14:14  Protoss Shields Level 2  
  175  14:25  Nexus  
  175  14:26  Pylon  
  167  14:36  Nexus  
  167  14:47  Carrier (Chrono Boost)  
  173  15:03  Carrier (Chrono Boost)  
  139  15:12  High Templar  
  139  15:13  High Templar x3  
  147  15:14  Probe x2  
  147  15:17  Probe  
  147  15:18  High Templar  
  152  15:24  Zealot x4  
  152  15:25  Probe  
  152  15:26  Probe x2  
  163  15:32  Probe  
  164  15:43  Assimilator  
  164  15:45  High Templar x4  
  164  15:47  Assimilator  
  164  15:49  Carrier (Chrono Boost)  
  164  15:50  Shield Battery  
  168  16:00  Carrier (Chrono Boost)  
  174  16:04  Zealot  
  174  16:06  Void Ray (Chrono Boost)  
  177  16:14  High Templar  
  177  16:15  High Templar x2  
  177  16:17  High Templar  
  177  16:18  Archon x2  
  185  16:22  Unknown, Pylon  
  185  16:24  Photon Cannon, Archon  
  185  16:25  Archon  
  182  16:27  Photon Cannon  
  182  16:31  Stargate  
  182  16:52  Void Ray (Chrono Boost)  
  182  16:53  Void Ray (Chrono Boost), Protoss Air Weapons Level 3 (Chrono Boost)  
  172  16:54  Void Ray (Chrono Boost)  
  182  17:08  Photon Cannon  
  182  17:09  Photon Cannon  
  182  17:10  Photon Cannon  
  182  17:19  High Templar  
  184  17:23  Shield Battery, Void Ray (Chrono Boost)  
  184  17:26  Zealot x4  
  184  17:27  Zealot x2  
  200  17:48  Zealot  
  200  17:59  Nexus  
  200  18:01  Void Ray, Pylon  
  200  18:02  Pylon  
  200  18:27  Shield Battery  
  196  18:28  Zealot x2  
  196  18:32  Zealot  
  200  18:40  Shield Battery  
  192  18:43  Zealot x4, Shield Battery  
  192  18:44  Shield Battery  
  200  18:49  Photon Cannon  
  200  18:52  Forge  
  200  18:53  Protoss Shields Level 3 (Chrono Boost)  
  200  18:54  Shield Battery  
  200  18:58  Assimilator  
  199  19:17  Assimilator, Pylon  
  199  19:36  Protoss Air Armor Level 1 (Chrono Boost), Void Ray  
  197  19:39  Photon Cannon  
  197  19:41  Photon Cannon  
  197  19:43  Shield Battery  
  199  19:53  Nexus  
  199  19:54  Pylon  
  199  20:03  Pylon  
  199  20:07  Zealot  
  189  20:14  Carrier (Chrono Boost)  
  195  20:21  Photon Cannon  
  195  20:23  Photon Cannon  
  195  20:24  Zealot x2  
  195  20:25  Photon Cannon  
  195  20:27  Photon Cannon  
  192  20:29  Photon Cannon x2  
  192  20:31  Zealot x2, Shield Battery  
  192  20:32  Zealot x3  
  200  20:42  Pylon  
  200  20:46  Pylon  
  200  20:49  Photon Cannon  
  200  20:50  Photon Cannon  
  200  20:52  Photon Cannon  
  200  20:54  Photon Cannon  
  200  20:56  Pylon  
  200  21:08  Assimilator  
  200  21:12  Assimilator  
  200  21:15  Protoss Air Armor Level 2 (Chrono Boost)  
  200  21:16  Dark Shrine, Photon Cannon x2  
  200  21:19  Pylon  
  198  21:43  Protoss Ground Armor Level 1 (Chrono Boost)  
  199  22:13  Archon x2  
  191  22:16  Zealot x4  
  190  22:22  High Templar x2  
  190  22:23  High Templar x3  
  198  22:43  Dark Templar x2, Nexus  
  192  22:44  Pylon  
  192  22:46  Dark Templar  
  185  23:16  Archon  
  173  23:35  Zealot x2  
  173  23:36  Zealot x7  

Tags
 
Add a new tag
Caveats
  • Supply blocks, unpowered buildings, or Contaminate may cause inaccurate times.
  • Supply counts are checked every 10 seconds.